 Dungeon Crawl Stone Soup version 0.31.0-32-g396128a36d (webtiles) character file.

Game seed: 305373342746804987

31524 spaghetti the Warrior (level 13, -3/95 HPs)
             Began as a Tengu Chaos Knight on Mar 22, 2024.
             Was a Plaything of Xom.
             Killed from afar by a lindwurm (37 damage)
             ... with a blast of flame
             ... on level 4 of the Lair of Beasts.
             The game lasted 00:17:08 (13700 turns).

spaghetti the Warrior (Tengu Chaos Knight)         Turns: 13700, Time: 00:17:09

Health: -3/95      AC:  9    Str: 13    XL:     13   Next: 58%
Magic:  16/20      EV: 26    Int: 17    God:    Xom [....*.]
Gold:   1051       SH:  4    Dex: 14    Spells: 10/20 levels left

rFire   . . .        l - +1 quick blade (venom)
rCold   . . .        B - orb of Amelioration {*Rage, Harm}
rNeg    . . .        w - +1 leather armour {rPois}
rPois   +            (helmet restricted)
rElec   .            a - +2 cloak
rCorr   .            e - +1 pair of gloves
SInv    .            (boots unavailable)
Will    .....        (no amulet)
Stlth   +++          d - +5 ring of evasion
HPRegen 0.35/turn    k - +5 ring of evasion
MPRegen 0.17/turn

%: harm (+30% outgoing, +20% incoming), acrobat, clarity
@: animating dead, flying
A: beak, talons 3, evasive flight, acrobatic, large bone plates 1, clarity,
evolution 1
a: Renounce Religion


You were on level 4 of the Lair of Beasts.
You worshipped Xom.
You were a beloved toy of Xom.
You visited 2 branches of the dungeon, and saw 14 of its levels.
You also visited: Ice Cave.

You collected 1051 gold pieces.

Inventory:

Hand Weapons
 c - a +0 heavy short sword
 l - a +1 quick blade of venom (weapon)
Missiles
 K - 4 curare-tipped darts (quivered)
Armour
 a - a +2 cloak (worn)
 b - a +2 leather armour
 e - a +1 pair of gloves (worn)
 w - a +1 leather armour of poison resistance (worn)
 B - the orb of Amelioration (worn) {*Rage, Harm}
   (You acquired it on level 9 of the Dungeon)

   Harm:      It increases damage dealt and taken.
Jewellery
 d - a +5 ring of evasion (left hand)
 h - a ring of see invisible
 k - a +5 ring of evasion (right hand)
 q - a ring of fire
 x - a +6 ring of intelligence
 C - a ring of protection from cold
Wands
 i - a wand of paralysis (7)
 n - a wand of iceblast (29)
 s - a wand of flame (16)
 y - a wand of light (14)
Scrolls
 g - 2 scrolls of revelation
 j - a scroll of amnesia
 p - 3 scrolls of poison
 t - 2 scrolls of enchant armour
 u - 3 scrolls of teleportation
 v - a scroll of fog
 A - a scroll of silence
 D - a scroll of immolation
 E - 3 scrolls of vulnerability
 N - 3 scrolls of acquirement
Potions
 f - 2 potions of attraction
 m - 3 potions of enlightenment
 o - 3 potions of degeneration
 r - 3 potions of heal wounds
 z - 3 potions of curing
 G - 2 potions of brilliance
 H - a potion of berserk rage
 I - 2 potions of ambrosia {unknown}
 J - 2 potions of cancellation
 L - 2 potions of lignification
 M - a potion of magic {unknown}


   Skills:
 + Level 16.8 Fighting
 - Level 14.0 Short Blades
 - Level 2.1 Armour
 - Level 2.0 Dodging
 - Level 4.9 Stealth
 - Level 4.0 Spellcasting
 - Level 7.0 Necromancy


You had 10 spell levels left.
You knew the following spells:

 Your Spells              Type           Power      Damage    Failure   Level
a - Call Canine Familiar  Summ           3%         N/A       52%         3
b - Animate Dead          Necr           27%        N/A       11%         4
c - Swiftness             Air            3%         N/A       52%         3

Your spell library contained the following spells:

 Spells                   Type           Power      Damage    Failure   Level
 Sublimation of Blood     Necr           27%        N/A       1%          2
 Kiss of Death            Conj/Necr      60%        2d10      4%          1
 Sting                    Conj/Alch      12%        1d3       21%         1
 Call Imp                 Summ           6%         N/A       30%         2
 Ensorcelled Hibernation  Hex/Ice        6%         N/A       30%         2
 Jinxbite                 Hex            6%         N/A       30%         2
 Mercury Vapours          Alch/Air       6%         N/A       30%         2
 Static Discharge         Conj/Air       6%         3-4/arc   30%         2
 Passwall                 Erth           3%         N/A       52%         3
 Sigil of Binding         Hex            3%         N/A       52%         3
 Tukima's Dance           Hex            3%         N/A       52%         3
 Airstrike                Air            1%         2d(1-17)  89%         4
 Dimensional Bullseye     Hex/Tloc       1%         N/A       89%         4
 Olgreb's Toxic Radiance  Alch           3%         N/A       89%         4
 Passage of Golubria      Tloc           3%         N/A       89%         4
 Summon Lightning Spire   Summ/Air       3%         N/A       89%         4
 Yara's Violent Unravell  Hex/Alch       1%         3d3       99%         5
 Enfeeble                 Hex            1%         N/A       100%        7
 Haunt                    Necr/Summ      7%         N/A       100%        7
 Summon Hydra             Summ           1%         N/A       100%        7
 Infestation              Necr           13%        N/A       100%        8


Dungeon Overview and Level Annotations

Branches:
Dungeon (10/15)            Temple (0/1) D:6            Lair (4/5) D:10
 Shoals (0/4) Lair:2       Spider (0/4) Lair:3        Slime (0/5) Lair:4
  IceCv (visited)
    Orc: D:9-12

Altars:
Ashenzari
Dithmenos
Elyvilon
Kikubaaqudgha
Nemelex Xobeh
Qazlal
Ru
Sif Muna
Uskayaw
Vehumet
Xom
Yredelemnul
The Shining One
Jiyva

Shops:
D:2 :

Portals:
Trove: D:10 (give horn of Geryon)


Innate Abilities, Weirdness & Mutations

You have a beak for a mouth.
You have claws for feet.
Your magical flight helps you evade attacks. (EV +4)
You can magically evade attacks while moving or waiting.
You are partially covered in large bone plates. (SH +4)
You possess an exceptional clarity of mind.
You have hidden genetic potential.


Message History

You are too injured to fight recklessly!
You are too injured to fight recklessly!
You are too injured to fight recklessly!
You are too injured to fight recklessly!
You are too injured to fight recklessly!
You are too injured to fight recklessly!
Casting: Animate Dead (dangerous; 11% risk of failure)
Confirm with . or Enter, or press ? or * to list all spells.
You call upon the dead to rise.
The lindwurm breathes flames at you. The blast of flame misses you.
The lindwurm bites you! The lindwurm completely misses you.
The lindwurm closely misses you. The lindwurm bites you.
The lindwurm closely misses you. The lindwurm barely misses you.
You hit the lindwurm but do no damage.
The lindwurm is poisoned.
You claw the lindwurm, but do no damage.
You completely miss the lindwurm. You hit the lindwurm but do no damage.
The lindwurm looks even sicker.
Your kick misses the lindwurm. You hit the lindwurm but do no damage.
The lindwurm looks as sick as possible!
The lindwurm completely misses you. The lindwurm misses you.
The lindwurm claws you.
The lindwurm completely misses you. x2; The lindwurm barely misses you.
The lindwurm completely misses you.
The lindwurm claws you but does no damage.
The lindwurm misses you.
You hit the lindwurm. You claw the lindwurm!
You hit the lindwurm but do no damage.
The lindwurm looks as sick as possible!
Your kick misses the lindwurm.
The lindwurm is moderately wounded.
You hit the lindwurm but do no damage.
The lindwurm looks as sick as possible!
You claw the lindwurm, but do no damage.
You hit the lindwurm but do no damage.
The lindwurm looks as sick as possible!
Your kick misses the lindwurm.
The lindwurm is moderately wounded.
The lindwurm misses you. The lindwurm claws you.
The lindwurm claws you but does no damage.
The lindwurm breathes flames at you. The blast of flame hits you!!
You die...
Xom giggles madly!

...........§§§≈≈≈.§§.≈≈≈≈§≈......
..........§§≈≈≈k..##.§§≈§≈≈≈.§..#
........§§§§§§≈.k####..≈≈§§≈[...#
..........≈§≈≈§.#.[).#..§≈≈§....#
#.+#.....≈≈≈≈≈.##!>|!##.≈≈§§≈....
##.#...P.≈§≈≈§.##:)=)##.≈≈§§§....
#P.....P..≈≈§§..#.($.#..§§≈≈§....
####.#P...≈≈§≈§kk####..§≈≈§≈)..#.
#.#..§PPP.≈≈≈≈≈§@k##..k§§≈§≈..##+
#..#...P...≈§§≈≈≈.§§§≈§≈§≈≈......
#...Z.#....≈≈≈≈≈≈≈≈§§≈§§§§≈......
#...###.#...≈≈≈≈≈≈≈§§≈≈§≈§.......
+..§#.+......≈≈≈≈≈≈≈≈≈§§≈........
#>†##.##.......≈≈≈≈≈≈§§.....##..#
#......#.##.......≈≈.......####.#
##....######P..............# ##.#
#...### #...#............###..#


You could see 3 lindwurms.

Vanquished Creatures
  Kirke (Lair:4)
  A catoblepas (Lair:2)
  A two-headed ogre (D:9)
  A boulder beetle (Lair:3)
  7 death yaks
  Urug (Lair:4)
  Amaemon (Lair:1)
  Lodul (D:10)
  A lindwurm (Lair:4)
  Maurice (D:10)
  An oklob plant (D:10)
  2 cane toads
  2 black mambas
  An orange demon (Lair:1)
  9 elephants
  3 komodo dragons
  2 ice devils (Lair:2)
  A troll (D:9)
  2 blink frogs (Lair:3)
  A shadow (D:10)
  2 wraiths
  A jumping spider (Lair:3)
  Sigmund (D:4)
  3 wyverns
  7 hogs (Lair:4)
  22 yaks
  Eustachio (D:4)
  A redback (Lair:3)
  3 basilisks
  2 steam dragons
  7 water moccasins
  An ice beast (D:8)
  4 orc warriors
  3 black bears
  A sky beast (D:8)
  4 ogres
  A tengu (shapeshifter) (Lair:1)
  18 wolves
  3 centaurs
  2 phantoms
  3 kobold brigands
  A gnoll sergeant (D:6)
  15 bullfrogs
  5 scorpions
  6 wights (D:8)
  2 killer bees (D:9)
  4 crimson imps (D:5)
  3 orc priests
  3 bombardier beetles
  6 hounds
  3 jellies
  A gnoll bouda (D:6)
  5 iguanas
  Natasha (thrice) (D:3)
  13 orc wizards
  5 hell rats (Lair:2)
  9 gnolls
  5 adders
  A naga simulacrum (IceCv)
  2 shadow imps
  A white imp (D:6)
  2 ufetubi (D:6)
  3 dart slugs
  3 ribbon worms (D:2)
  18 orcs
  4 ball pythons
  6 endoplasms
  A giant cockroach (D:1)
  12 goblins
  5 hobgoblins
  12 jackals
  11 kobolds
  2 quokkas
  4 bats
  3 frilled lizards
  5 rats
314 creatures vanquished.

Vanquished Creatures (collateral kills)
  An elephant (Lair:3)
  A cane toad (Lair:3)
  Maggie (D:9)
  A rime drake (Lair:1)
  A troll (D:10)
  A blink frog (Lair:3)
  A yak (Lair:3)
  3 ogres (D:10)
  5 bullfrogs
  A killer bee (D:9)
  An adder (Lair:1)
  2 orcs
19 creatures vanquished.

Vanquished Creatures (others)
  A blink frog zombie (Lair:3)
  A komodo dragon zombie (D:10)
  4 yak zombies
  4 wolf zombies (Lair:1)
  2 bullfrog zombies
  2 ogre zombies (D:10)
  2 hell rat zombies (Lair:2)
  A jelly zombie (Lair:4)
  2 orcs (D:10)
  4 orc zombies (D:10)
23 creatures vanquished.

Grand Total: 356 creatures vanquished

Notes
Turn   | Place    | Note
-------+----------+-------------------------------------------
     0 | D:1      | spaghetti the Tengu Chaos Knight began the quest for the
                  | Orb.
     0 | D:1      | Reached XP level 1. HP: 14/14 MP: 2/2
    50 | D:1      | Reached skill level 1 in Stealth
   153 | D:1      | Reached XP level 2. HP: 19/19 MP: 3/3
   655 | D:2      | Reached XP level 3. HP: 13/23 MP: 4/4
   945 | D:2      | XOM: scenery: summon butterflies
  1011 | D:2      | Reached XP level 4. HP: 28/28 MP: 5/5
  1268 | D:2      | Found Isikusch's Book Boutique.
  1328 | D:3      | Noticed Natasha
  1333 | D:3      | Killed Natasha
  1345 | D:3      | XOM: 4-stop teleportation journey
  1474 | D:3      | Reached XP level 5. HP: 32/32 MP: 6/6
  1474 | D:3      | Found a white marble altar of Elyvilon.
  1672 | D:3      | Found a stormy altar of Qazlal.
  1737 | D:3      | Found a hide-covered altar of Uskayaw.
  1754 | D:3      | Identified a scroll of acquirement
  1754 | D:3      | Acquired a +1 quick blade of venom
  1770 | D:3      | XOM is BORED!
  1867 | D:3      | Noticed Natasha
  1871 | D:3      | XOM: summons friendly shadow imp
  1878 | D:3      | Killed Natasha
  1971 | D:3      | Noticed Natasha
  1976 | D:3      | Killed Natasha
  2213 | D:3      | XOM: give mutations
  2213 | D:3      | Gained mutation: Your muscles are strong. (Str +4, Int/Dex
                  | -1) [Xom's mischief]
  2213 | D:3      | Gained mutation: You have an increased reservoir of magic.
                  | (+10% MP) [Xom's mischief]
  2213 | D:3      | Gained mutation: You occasionally lose the ability to read
                  | scrolls when taking damage. [Xom's mischief]
  2220 | D:4      | XOM: cast spell 'Animate Armour'
  2376 | D:4      | Reached XP level 6. HP: 37/37 MP: 7/7
  2393 | D:4      | XOM: enchant monster (bad)
  2424 | D:4      | Reached skill level 5 in Short Blades
  2492 | D:4      | XOM: 4-stop teleportation journey
  2684 | D:4      | Noticed Sigmund
  2691 | D:4      | Killed Sigmund
  2692 | D:4      | Gained mutation: Your magical flight helps you evade
                  | attacks. (EV +4) [Tengu growth]
  2692 | D:4      | Reached XP level 7. HP: 41/41 MP: 8/8
  2800 | D:4      | Noticed Eustachio
  2808 | D:4      | Killed Eustachio
  2823 | D:5      | Entered Level 5 of the Dungeon
  2824 | D:5      | XOM: swap monsters
  2826 | D:5      | XOM: cleaving
  2954 | D:5      | Found a sparkling altar of Nemelex Xobeh.
  3089 | D:5      | Reached XP level 8. HP: 46/46 MP: 9/9
  3095 | D:5      | Found a shimmering altar of Xom.
  3395 | D:5      | Reached skill level 10 in Short Blades
  3443 | D:5      | XOM: silly message
  3491 | D:5      | Noticed a komodo dragon
  3496 | D:5      | XOM: butterfly on damage
  3496 | D:5      | XOM: smoke on damage
  3507 | D:5      | Killed a komodo dragon
  3832 | D:6      | Reached XP level 9. HP: 47/50 MP: 10/10
  3987 | D:6      | Noticed a moth of wrath
  3994 | D:6      | Found a staircase to the Ecumenical Temple.
  4020 | D:6      | Found an ancient bone altar of Kikubaaqudgha.
  4036 | D:6      | Got Kikubaaqudgha's Incunable of Malignant Spells
  4043 | D:6      | Found a shimmering blue altar of Sif Muna.
  4056 | D:6      | Found a radiant altar of Vehumet.
  4580 | D:6      | XOM: noise
  4584 | D:6      | XOM: silly message
  4586 | D:6      | XOM: cast spell 'Olgreb's Toxic Radiance'
  4734 | D:6      | XOM: stat loss: -1 Str (16/17)
  4923 | D:7      | Found a glowing golden altar of the Shining One.
  4976 | D:7      | XOM: 3-stop teleportation journey
  4982 | D:7      | XOM: stat loss: -1 Int (15/16)
  5136 | D:7      | XOM: summons 1 hostile shadow creature
  5789 | D:8      | XOM: summons friendly white imp
  5790 | D:8      | XOM: smoke on damage
  5863 | D:8      | Found a basalt altar of Yredelemnul.
  6197 | D:8      | Reached XP level 10. HP: 56/56 MP: 12/12
  6203 | D:8      | Reached skill level 4 in Fighting
  6494 | D:8      | Reached skill level 5 in Fighting
  6702 | D:8      | Learned a level 3 spell: Call Canine Familiar
  6707 | D:8      | Learned a level 4 spell: Animate Dead
  6767 | D:8      | Reached skill level 1 in Necromancy
  6825 | D:8      | Found a sacrificial altar of Ru.
  6878 | D:8      | XOM: god gift: ring mail {god gift}
  6904 | D:8      | XOM: summons 6 hostile demons
  7069 | D:9      | XOM: 1-stop teleportation journey
  7174 | D:9      | Noticed Maggie
  7190 | D:9      | XOM: noise
  7192 | D:9      | Killed Maggie
  7277 | D:9      | XOM: 1-stop teleportation journey
  7281 | D:9      | Reached skill level 5 in Necromancy
  7466 | D:9      | Acquired the orb of Amelioration {*Rage, Harm}
  7469 | D:9      | Noticed a two-headed ogre
  7469 | D:9      | XOM: noise
  7477 | D:9      | Killed a two-headed ogre
  7717 | D:10     | Entered Level 10 of the Dungeon
  7814 | D:10     | Learned a level 3 spell: Swiftness
  7820 | D:10     | Found a shadowy altar of Dithmenos.
  7832 | D:10     | Noticed Maurice
  7833 | D:10     | Paralysed by Maurice for 2 turns
  7836 | D:10     | XOM: divination: detect items
  7840 | D:10     | Something stole a ring of fire
  7844 | D:10     | Something stole the orb of Amelioration {*Rage, Harm}
  7846 | D:10     | Something stole a +0 heavy short sword
  7869 | D:10     | XOM: 7-stop teleportation journey
  7896 | D:10     | Reached skill level 1 in Spellcasting
  7897 | D:10     | XOM: destruction
  8121 | D:10     | XOM: butterfly on damage
  8125 | D:10     | Noticed Lodul
  8137 | D:10     | Killed Lodul
  8138 | D:10     | Reached skill level 6 in Fighting
  8138 | D:10     | Reached XP level 11. HP: 33/64 MP: 17/19
  8218 | D:10     | XOM: potion effect (attraction)
  8223 | D:10     | Something stole 527 gold
  8231 | D:10     | Killed Maurice
  8234 | D:10     | Reached skill level 7 in Fighting
  8332 | D:10     | XOM: scenery: create altars
  8363 | D:10     | Found a staircase to the Lair.
  8364 | D:10     | Noticed an oklob plant
  8373 | D:10     | Killed an oklob plant
  8570 | D:10     | XOM: 6-stop teleportation journey
  8694 | D:10     | Found a portal to a secret trove of treasure.
  8771 | D:10     | Found a broken altar of Ashenzari.
  8968 | D:10     | XOM: god gift: 4 gold pieces
  8990 | Lair:1   | Entered Level 1 of the Lair of Beasts
  9038 | Lair:1   | Reached skill level 8 in Fighting
  9092 | Lair:1   | XOM: smoke on damage
  9093 | Lair:1   | XOM: enchant monster (good)
  9113 | Lair:1   | XOM: snakes to sticks
  9118 | Lair:1   | Reached skill level 9 in Fighting
  9120 | Lair:1   | XOM: polymorph elephant -> shapeshifter
  9121 | Lair:1   | a shapeshifter changed into a harpy
  9121 | Lair:1   | Noticed a harpy (shapeshifter)
  9127 | Lair:1   | XOM: polymorph elephant -> adder
  9130 | Lair:1   | a harpy changed into a tengu
  9166 | Lair:1   | Reached skill level 10 in Fighting
  9369 | Lair:1   | Noticed Amaemon
  9374 | Lair:1   | XOM: chaos cloud
  9380 | Lair:1   | Killed Amaemon
  9535 | Lair:1   | XOM: potion effect (brilliance)
  9544 | Lair:1   | Reached skill level 11 in Fighting
  9588 | Lair:1   | XOM: divination: detect creatures
  9755 | Lair:1   | XOM: silly message
  9765 | Lair:1   | Reached XP level 12. HP: 80/80 MP: 20/20
  9813 | Lair:1   | XOM: silly message
  9904 | Lair:2   | Found a staircase to the Shoals.
  9965 | Lair:2   | XOM: silly message
 10097 | Lair:2   | XOM: polymorph cane toad -> jackal
 10160 | Lair:2   | Reached skill level 12 in Fighting
 10162 | Lair:2   | Noticed a catoblepas
 10184 | Lair:2   | Killed a catoblepas
 10410 | Lair:2   | Found a frozen archway.
 10422 | IceCv    | Entered an ice cave
 11218 | Lair:2   | Lost mutation: You occasionally lose the ability to read
                  | scrolls when taking damage. [potion of mutation]
 11218 | Lair:2   | Lost mutation: You have an increased reservoir of magic.
                  | (+10% MP) [potion of mutation]
 11218 | Lair:2   | Lost mutation: Your muscles are strong. (Str +4, Int/Dex
                  | -1) [potion of mutation]
 11218 | Lair:2   | Gained mutation: You have hidden genetic potential. [potion
                  | of mutation]
 11218 | Lair:2   | Gained mutation: You are partially covered in large bone
                  | plates. (SH +4) [potion of mutation]
 11265 | Lair:3   | Noticed a death yak
 11266 | Lair:3   | Noticed a death yak
 11267 | Lair:3   | Noticed a death yak
 11267 | Lair:3   | Noticed a death yak
 11268 | Lair:3   | XOM: summons friendly ufetubus
 11274 | Lair:3   | XOM: divination: detect items
 11277 | Lair:3   | Killed a death yak
 11278 | Lair:3   | Reached skill level 13 in Fighting
 11288 | Lair:3   | XOM: smoke on damage
 11292 | Lair:3   | Killed a death yak
 11294 | Lair:3   | Killed a death yak
 11303 | Lair:3   | Killed a death yak
 11304 | Lair:3   | Reached skill level 14 in Fighting
 11438 | Lair:3   | Noticed a boulder beetle
 11452 | Lair:3   | Killed a boulder beetle
 11649 | Lair:3   | Reached XP level 13. HP: 91/91 MP: 20/20
 11695 | Lair:3   | Found a hole to the Spider Nest.
 11700 | Lair:3   | Reached skill level 15 in Fighting
 12098 | Lair:3   | XOM: scenery: 1 doors open
 12181 | Lair:4   | Noticed Urug
 12201 | Lair:4   | Killed Urug
 12363 | Lair:4   | XOM: summons 1 hostile demon
 12499 | Lair:4   | XOM: divination: detect items
 12625 | Lair:4   | Noticed Kirke
 12634 | Lair:4   | Gained mutation: You possess an exceptional clarity of
                  | mind. [hidden potential]
 12641 | Lair:4   | Reached skill level 16 in Fighting
 12645 | Lair:4   | Killed Kirke
 12756 | Lair:4   | XOM: cloud trail
 12810 | Lair:4   | XOM: cast spell 'Chain of Chaos'
 12812 | Lair:4   | XOM: polymorph yak -> jelly
 12827 | Lair:4   | XOM: divination: detect items
 13177 | Lair:4   | Found the +9 sword of Zonguldrok {reap}
 13190 | Lair:4   | XOM: cast spell 'Summon Horrible Things'
 13371 | Lair:4   | XOM: summons 3 hostile shadow creatures
 13602 | Lair:4   | Found a viscous altar of Jiyva.
 13602 | Lair:4   | Found a staircase to the Slime Pits.
 13700 | Lair:4   | Killed from afar by a lindwurm

Illustrated notes

Levels and vault maps discovered:
D:1:      nicolae_arrival_memento_mori, layout_loops_cross,
          grunt_decor_one_mirror
D:2:      layout_loops_ring, serial_shops, shop
D:3:      layout_loops_corners, lemuel_tele_altar, grunt_qazlal_sundering,
          lemuel_doored_altar, uniq_natasha
D:4:      layout_basic, uniq_eustachio, uniq_sigmund
D:5:      nicolae_cairo_tiling_very_big, layout_loops_ring,
          nemelex_spade_bored_becter, led_xom_imps, serial_bayou_pond_b,
          dk_noncrumbling_2
D:6:      minmay_spotlight, layout_basic, palyth_temple_overflow_mages,
          tgw_trog, minmay_temple_entry_stoned_glass,
          hangedman_decor_diamond_cutter, nicolae_tricolors
D:7:      layout_basic, tso_metal_star, enter_bailey_5, nicolae_zig_zag_zippers
D:8:      layout_cave_pools, mainiacjoe_overflow_brackets,
          general_overflow_altar, minmay_increasing_density
D:9:      layout_basic, uniq_maggie
D:10:     layout_basic, grunt_dithmenos_smoke, mainiacjoe_overflow_alcove_2,
          dpeg_oklobed_lair, nicolae_trove_entry_free_sample, uniq_lodul,
          uniq_maurice
Lair:1:   layout_hall_layers, uniq_amaemon
Lair:2:   layout_hall_layers, shoals_dummy_entry, portal_ice_cave_demonic_guard
Lair:3:   layout_chaotic_city, spider_nest_entry_rubble
Lair:4:   layout_roguey, slime_entry_1, minmay_lindwurm_lava, uniq_kirke,
          uniq_urug

Skill      XL: |  1  2  3  4  5  6  7  8  9 10 11 12 13 |
---------------+----------------------------------------+-----
Stealth        | 1 3 4 |  4.9
Dodging        | 2 |  2.0
Short Blades   | 4 6 8 11 14 | 14.0
Fighting       | 6 11 14 16 | 16.8
Necromancy     | 7 |  7.0
Spellcasting   | 4 |  4.0
Armour         | |  2.1

Action                     |  1- 3 |  4- 6 |  7- 9 | 10-12 | 13-15 || total
---------------------------+-------+-------+-------+-------+-------++-------
  Melee: Short sword       |    62 |    36 |       |       |       ||    98
         Kick              |    16 |    16 |   174 |   251 |   146 ||   603
         Peck              |     6 |    19 |    93 |   151 |   103 ||   372
         Punch             |       |     3 |     3 |     8 |       ||    14
         Quick blade       |       |   102 |   506 |   728 |   332 ||  1668
  Throw: Dart              |       |       |       |       |     5 ||     5
   Cast: Animate Dead      |       |       |       |    13 |     3 ||    16
  Evoke: Wand              |       |       |       |     3 |       ||     3
    Use: Scroll            |     4 |     2 |     6 |     7 |     1 ||    20
         Potion            |       |       |       |    13 |       ||    13
   Stab: Sleeping          |     5 |    12 |     9 |     5 |     5 ||    36
         Distracted        |     1 |       |       |     2 |       ||     3
         Invisible         |       |       |       |    10 |       ||    10
         Petrified         |       |       |       |     1 |       ||     1
         Confused          |       |       |       |       |     3 ||     3
 Armour: Leather armour    |    18 |    29 |    49 |   112 |    51 ||   259
         Skin              |       |       |       |    15 |       ||    15
  Dodge: Dodged            |    36 |    72 |   205 |   359 |   181 ||   853
